 Dungeon Crawl Stone Soup version 0.26-a0-739-gf55cbd344a (webtiles) character file.

Game seed: 10606034434030482576

141 robertstho the Chiller (level 5, -11/28 HPs)
             Began as a Deep Elf Ice Elementalist on Nov 5, 2020.
             Mangled by an ogre
             ... wielding a +0 giant club
              (15 damage)
             ... on level 4 of the Dungeon.
             The game lasted 00:04:50 (3593 turns).

robertstho the Chiller (Deep Elf Ice Elementalist)  Turns: 3593, Time: 00:04:51

Health: -11/28     AC:  2    Str:  5    XL:     5   Next: 3%
Magic:  14/14      EV: 13    Int: 21    God:
Gold:   117        SH:  0    Dex: 15    Spells: 2/13 levels left

rFire    . . .     SeeInvis .   c - +4 whip
rCold    . . .     Faith    .   (no shield)
rNeg     . . .     Spirit   .   a - +0 robe
rPois    .         Reflect  .   (no helmet)
rElec    .         Harm     .   (no cloak)
rCorr    .         Rampage  .   (no gloves)
MR       .....                  (no boots)
Stlth    ++........             (no amulet)
HPRegen  0.09/turn              p - ring of wizardry
MPRegen  0.14/turn              (no ring)

@: no status effects
A: no striking features
a: no special abilities


You were on level 4 of the Dungeon.
You visited 1 branch of the dungeon, and saw 4 of its levels.

You collected 117 gold pieces.

Inventory:

Hand Weapons
 c - a +4 whip (weapon)
Armour
 a - a +0 robe (worn)
Jewellery
 p - a ring of wizardry (left hand)
Wands
 n - a wand of paralysis (10)
Scrolls
 b - a scroll of identify
 h - a scroll of noise {unknown}
 i - a scroll of enchant weapon
 l - 4 scrolls of teleportation
 r - a scroll of random uselessness {unknown}
 s - a scroll of blinking {unknown}
 t - a scroll of amnesia {unknown}
Potions
 d - 3 potions of heal wounds
 e - 5 potions of curing {unknown}
 f - a potion of magic {unknown}
 g - a potion of berserk rage {unknown}
 k - 2 potions of might {unknown}
 q - a potion of mutation {unknown}


   Skills:
 + Level 0.3 Fighting
 + Level 1.0 Maces & Flails
 + Level 2.9 Dodging
 + Level 3.1 Stealth
 * Level 4.7 Spellcasting
 * Level 5.4 Ice Magic


You had 2 spell levels left.
You knew the following spells:

 Your Spells              Type           Power        Failure   Level
a - Freeze                Ice            ####         1%          1
b - Frozen Ramparts       Ice            ####..       1%          3
c - Ozocubu's Armour      Ice            ####....     1%          3
d - Hailstorm             Conj/Ice       ###.....     16%         4

Your spell library contained the following spells:

 Spells                   Type           Power        Failure   Level
 Beastly Appendage        Tmut           #.....       4%          1
 Magic Dart               Conj           #...         4%          1
 Blink                    Tloc           N/A          7%          2
 Call Imp                 Summ           #.......     7%          2
 Slow                     Hex            #.......     7%          2
 Wereblood                Tmut           #.......     7%          2
 Conjure Flame            Conj/Fire      #.......     13%         3
 Mephitic Cloud           Conj/Pois/Air  #.......     13%         3
 Spider Form              Tmut/Pois      #.........   13%         3
 Ice Form                 Ice/Tmut       ###.....     16%         4
 Summon Ice Beast         Ice/Summ       ###.....     16%         4
 Blade Hands              Tmut           #.........   73%         5


Dungeon Overview and Level Annotations

Branches:
Dungeon (4/15)
 Temple: D:4-7

Altars:
Ashenzari
Hepliaklqana
Makhleb
Nemelex Xobeh
Zin

Annotations:
D:4 Grinder


Message History

The orc wizard gestures wildly while chanting.
The orc wizard seems to speed up.
The ogre closely misses you. The orc warrior barely misses you.
You barely miss the orc warrior.
The orc warrior is lightly wounded.
A jackal skeleton comes into view.
The ogre barely misses you.
The orc warrior hits you with a +0 hand axe!
The orc wizard gestures at you while chanting.
You resist with some effort.
A leopard gecko comes into view.
The leopard gecko hisses angrily.
You hit the orc warrior but do no damage.
The orc warrior is lightly wounded.
The orc warrior hits you with a +0 hand axe!
Ouch! That really hurt!
* * * LOW HITPOINT WARNING * * *
The ogre hits you with a +0 giant club!
Ouch! That really hurt!
You die...

.........## .....†....##
...........##
............#
♣####♣......######### #
#......##....... #
#....[.'..######### #
#......'.........Z. #
#......##.#@o#....
♣####♣......###.oO.ol...
†...........#....o......
...........####.........
..........## .#........
.........## #.#.####...
........# #.### ...
.......## #. .. ##†'####


You could see an orc warrior, an ogre, an orc wizard (fast), 2 orcs, a leopard
gecko and a jackal skeleton.

Vanquished Creatures
  An orc wizard (D:3)
  Natasha (D:2)
  3 adders
  4 worms
  A dart slug (D:1)
  4 orcs
  3 bats
  3 giant cockroaches
  3 goblins
  3 hobgoblins
  6 jackals (D:1)
  5 kobolds
  2 quokkas (D:4)
  5 frilled lizards
  6 rats
50 creatures vanquished.

Notes
Turn   | Place    | Note
-------+----------+-------------------------------------------
     0 | D:1      | robertstho the Deep Elf Ice Elementalist began the quest
                  | for the Orb.
     0 | D:1      | Reached XP level 1. HP: 10/10 MP: 6/6
     6 | D:1      | Noticed a worker ant
     6 | D:1      | Noticed a rime drake
     6 | D:1      | Noticed a lindwurm
     7 | D:1      | Noticed a komodo dragon
     7 | D:1      | Noticed a black bear
   250 | D:1      | Reached XP level 2. HP: 15/15 MP: 6/8
  1442 | D:2      | Found a faded altar of an unknown god.
  1514 | D:2      | Reached skill level 5 in Ice Magic
  1946 | D:2      | Reached XP level 3. HP: 19/19 MP: 10/10
  1960 | D:2      | Found a sparkling altar of Nemelex Xobeh.
  1999 | D:2      | Found a hazy altar of Hepliaklqana.
  2027 | D:2      | Learned a level 3 spell: Frozen Ramparts
  2031 | D:2      | Learned a level 3 spell: Ozocubu's Armour
  2490 | D:2      | Noticed Natasha
  2494 | D:2      | Killed Natasha
  2494 | D:2      | Reached XP level 4. HP: 13/24 MP: 6/12
  2638 | D:2      | Found a glowing silver altar of Zin.
  2638 | D:2      | Found a faded altar of an unknown god.
  2643 | D:2      | Found a burning altar of Makhleb.
  2645 | D:2      | Found a faded altar of an unknown god.
  2646 | D:2      | Found a broken altar of Ashenzari.
  2680 | D:2      | Learned a level 4 spell: Hailstorm
  3120 | D:3      | Reached skill level 1 in Maces & Flails
  3422 | D:4      | Noticed Grinder
  3515 | D:4      | Reached XP level 5. HP: 22/28 MP: 14/14
  3585 | D:4      | Noticed an orc warrior
  3586 | D:4      | Noticed an ogre
  3593 | D:4      | Mangled by an ogre

Illustrated notes

Levels and vault maps discovered:
D:1:      onia_arrival_zoo_common, layout_loops_corners
D:2:      layout_basic, lemuel_crystal_altar, overflow_temple_1_default,
          chequers_temple_overflow_minitemple, chequers_ecumenical_altar_simple,
          minmay_tromino_mix6, uniq_natasha
D:3:      layout_rooms
D:4:      layout_basic, minmay_temple_entry_antechambers, ebering_ghost_sewer_f,
          serial_shops, shop_fountains, kennysheep_big_empty_room, uniq_grinder

Skill      XL: |  1  2  3  4 |
---------------+-------------+-----
Ice Magic      | 5 |  5.4
Spellcasting   | 4 |  4.7
Stealth        | 3 |  3.1
Maces & Flails | 1 |  1.0
Fighting       | |  0.3
Dodging        | |  2.9

Action                   |  1- 3 |  4- 6 || total
-------------------------+-------+-------++-------
Melee: Unarmed           |     4 |       ||     4
       Whip              |    65 |    36 ||   101
 Cast: Freeze            |    21 |     1 ||    22
       Frozen Ramparts   |     2 |     8 ||    10
  Use: Scroll            |       |     7 ||     7
 Stab: Sleeping          |     4 |     1 ||     5
Armor: Robe              |     9 |     5 ||    14
Dodge: Dodged            |    60 |    33 ||    93

Table legend: (Time is in decaauts)
 A = Elapsed time spent in this place.
 B = Non-inter-level travel time spent in this place.
 C = Inter-level travel time spent in this place.
 D = Time resting spent in this place.
 E = Time spent auto-exploring this place.
 F = Levels seen in this place.
 G = Mean time per level.
                   A        B        C        D        E       F      G
               +--------+--------+--------+--------+--------+-----+--------+
         Total |   3599 |   3550 |     49 |     72 |   3025 |   4 |  899.8 |
       Dungeon |   3599 |   3550 |     49 |     72 |   3025 |   4 |  899.8 |
               +--------+--------+--------+--------+--------+-----+--------+

Top non-repeatable levels by time:
     D:1: 1443 daAuts
     D:2: 1248 daAuts
     D:3: 633 daAuts
     D:4: 273 daAuts
